 Dungeon Crawl Stone Soup version 0.27.0-1-g7a089689b8 (webtiles) character file.

Game seed: 6001025456322320370

2584 ZARRMARR the Gusty (level 9, -1/70 HPs)
             Began as a Black Draconian Air Elementalist on Aug 3, 2021.
             Killed from afar by a gargoyle (12 damage)
             ... with a stone arrow
             ... on level 6 of the Dungeon.
             The game lasted 00:53:50 (13164 turns).

ZARRMARR the Gusty (DrAE)                          Turns: 13164, Time: 00:53:52

Health: -1/70      AC: 10    Str: 10    XL:     9   Next: 32%
Magic:  11/18      EV: 17    Int: 20    God:
Gold:   361        SH:  0    Dex: 11    Spells: 13/20 levels left

rFire    . . .     SeeInvis .   d - +1 dagger (elec)
rCold    . . .     Faith    .   (no shield)
rNeg     . . .     Spirit   .   (armour unavailable)
rPois    .         Reflect  .   (helmet restricted)
rElec    +         Harm     .   (no cloak)
rCorr    .         Rampage  .   n - +0 pair of gloves
Will     .....                  r - +1 pair of boots
Stlth    ++........             (no amulet)
HPRegen  0.21/turn              C - ring of flight
MPRegen  0.16/turn              D - +4 ring of evasion

@: about to teleport, flying
A: breathe lightning, AC +7, unfitting armour, electricity resistance,
cold-blooded
a: Breathe Lightning


You were on level 6 of the Dungeon.
You visited 1 branch of the dungeon, and saw 7 of its levels.
You also visited: Sewer and Ossuary.

You collected 361 gold pieces.

Inventory:

Hand Weapons
 b - a +1 dagger of draining
 d - a +1 dagger of electrocution (weapon)
 z - a +2 whip of draining
Missiles
 c - 240 stones
 j - 56 poisoned darts (quivered)
 m - 3 datura-tipped darts
 q - 2 throwing nets
Armour
 n - a +0 pair of gloves (worn)
 r - a +1 pair of boots (worn)
Magical Staves
 i - a staff of fire
Jewellery
 e - a ring of ice
 A - a ring of ice
 C - a ring of flight (left hand)
 D - a +4 ring of evasion (right hand)
Wands
 x - a wand of acid (9)
Scrolls
 a - 3 scrolls of magic mapping
 g - a scroll of enchant armour
 l - a scroll of teleportation
 t - a scroll of noise
 y - a scroll of silence
Potions
 f - 3 potions of cancellation
 h - a potion of curing
 k - a potion of berserk rage {unknown}
 o - a potion of invisibility {unknown}
 s - a potion of brilliance {unknown}
 u - a potion of magic {unknown}
 v - 2 potions of mutation {unknown}
 w - a potion of heal wounds {unknown}
 B - a potion of flight {unknown}


   Skills:
 + Level 3.2 Fighting
 + Level 4.8 Short Blades
 + Level 0.3 Throwing
 + Level 4.2 Dodging
 + Level 3.3 Stealth
 + Level 6.0 Spellcasting
 + Level 5.4 Conjurations
 + Level 7.3 Air Magic


You had 13 spell levels left.
You knew the following spells:

 Your Spells              Type           Power      Damage    Failure   Level
a - Shock                 Conj/Air       100%       1d9       1%          1
b - Swiftness             Air            35%        N/A       1%          3
c - Static Discharge      Conj/Air       31%        N/A       1%          2
d - Foxfire               Conj/Fire      64%        2x1d7     3%          1

Your spell library contained the following spells:

 Spells                   Type           Power      Damage    Failure   Level
 Airstrike                Air            17%        N/A       4%          4
 Conjure Flame            Conj/Fire      16%        6-21      11%         3
 Slow                     Hex            6%         N/A       16%         2
 Confusing Touch          Hex            6%         N/A       30%         3
 Gell's Gravitas          Tloc           3%         N/A       30%         3
 Inner Flame              Hex/Fire       6%         N/A       30%         3
 Lesser Beckoning         Tloc           3%         N/A       30%         3
 Teleport Other           Tloc           6%         N/A       30%         3
 Vampiric Draining        Necr           3%         2d6       30%         3


Dungeon Overview and Level Annotations

Branches:
Dungeon (7/15)              Sewer (visited)         Ossuary (visited)
 Temple: D:4-7

Altars:
Elyvilon
Nemelex Xobeh
Uskayaw

Shops:
D:4 :


Innate Abilities, Weirdness & Mutations

You can breathe wild blasts of lightning.
Your glossy black scales are hard. (AC +7)
You cannot fit into any form of body armour.
You are resistant to electric shocks. (rElec)
You are cold-blooded and may be slowed by cold attacks.


Message History

You conjure some foxfire!
You feel very sick.
The gargoyle is engulfed in a cloud of scalding steam.
The gargoyle barely misses you.
You hit the gargoyle but do no damage.
The gargoyle is severely damaged.
You feel very sick.
The foxfire hits the gargoyle but does no damage.
The gargoyle is severely damaged.
The foxfire hits the gargoyle but does no damage.
The gargoyle is severely damaged.
Casting: Foxfire (safe; 3% risk of failure)
Confirm with . or Enter, or press ? or * to list all spells.
You conjure some foxfire!
You feel very sick.
The gargoyle hurls a stone arrow at you.
The stone arrow hits you!!
* * * LOW HITPOINT WARNING * * *
You barely miss the gargoyle.
The gargoyle is severely damaged.
You feel sick.
The foxfire hits the gargoyle but does no damage.
The gargoyle is severely damaged.
The foxfire hits the gargoyle but does no damage.
The gargoyle is severely damaged.
The gargoyle hits you with a +1 mace of venom.
* * * LOW HITPOINT WARNING * * *
You are lethally poisoned!
It was a potion of curing.
You feel better. The gargoyle barely misses you.
As you read the scroll of teleportation, it crumbles to dust.
You feel strangely unstable.
The gargoyle hurls a stone arrow at you.
The stone arrow hits you!
* * * LOW HITPOINT WARNING * * *
Casting: Foxfire (safe; 3% risk of failure)
Confirm with . or Enter, or press ? or * to list all spells.
You conjure some foxfire!
The gargoyle hurls a stone arrow at you.
The stone arrow hits you!
You die...

#..## #..###....... ##..# #..#
#.)).... #..## ### #..# ##>)....
##..# ##.#####.## ##)....
####..## #....##..# #...#.
#......# ##........######.....
#......## #.................##.
#.......## ##..v............####8
#........# #..<.@..........## #8
#........###..≈≈9v........######≈
#.........#...≈≈≈≈≈≈.....####≈≈≈≈
#.........#[..≈≈≈≈≈≈≈≈≈.##≈≈≈≈≈≈≈
#.............≈≈≈≈≈≈≈≈≈≈≈≈≈≈≈≈≈≈≈
......####......≈≈≈≈≈≈≈≈≈≈≈≈≈≈≈≈[
####### #........≈≈≈≈≈≈≈≈≈≈≈≈≈#8
#...........≈≈≈≈≈≈≈####8
#..............##### #.


You could see a gargoyle (ally target).

Vanquished Creatures
  Grinder (D:6)
  A water moccasin (Sewer)
  An orc warrior (D:6)
  An ice beast (D:6)
  A sky beast (D:3)
  A centaur (D:5)
  3 ogres (D:4)
  A phantom (D:5)
  A gnoll sergeant (D:5)
  A bullfrog (D:6)
  3 scorpions
  5 water moccasin zombies (Ossuary)
  A water moccasin skeleton (D:4)
  The ghost of ZombieSheep the Ruffian, a weakling DrTm (D:3)
  5 wights
  An electric eel (D:6)
  A bullfrog zombie (D:6)
  2 hounds
  2 orc priests
  A jelly (D:5)
  A gnoll shaman (D:4)
  2 orc wizards
  An iguana (D:5)
  A killer bee zombie (D:5)
  2 mummies (Ossuary)
  11 adders
  12 gnolls
  2 white imps (D:6)
  3 adder zombies (Ossuary)
  A worm (D:2)
  4 dart slugs
  10 orcs
  6 ball pythons
  8 bats
  11 endoplasms
  6 giant cockroaches
  7 goblins
  12 hobgoblins
  11 jackals
  10 kobolds
  4 quokkas
  3 gnoll zombies (Ossuary)
  6 hobgoblin zombies (Ossuary)
  5 kobold zombies (Ossuary)
  5 orc zombies (Ossuary)
  8 rats
186 creatures vanquished.

Vanquished Creatures (others)
  15 foxfires (D:6)
15 creatures vanquished.

Grand Total: 201 creatures vanquished

Notes
Turn   | Place    | Note
-------+----------+-------------------------------------------
     0 | D:1      | ZARRMARR the Draconian Air Elementalist began the quest for
                  | the Orb.
     0 | D:1      | Reached XP level 1. HP: 14/14 MP: 3/3
    86 | D:1      | Found a faded altar of an unknown god.
    91 | D:1      | Reached XP level 2. HP: 5/14 MP: 0/5
  1823 | D:1      | Reached XP level 3. HP: 22/23 MP: 1/6
  3310 | D:2      | Learned a level 3 spell: Swiftness
  3553 | D:2      | You fall into a shaft and drop 1 floor!
  3586 | D:3      | Reached XP level 4. HP: 21/33 MP: 7/7
  3733 | D:3      | Found a runed translucent door.
  3744 | D:3      | Noticed ZombieSheep's ghost (weakling DrTm)
  4525 | D:2      | Reached XP level 5. HP: 38/39 MP: 9/9
  5538 | D:3      | Noticed a sky beast
  5552 | D:3      | HP: 1/39 [something (6)]
  5555 | D:3      | Killed a sky beast
  5556 | D:3      | Reached skill level 1 in Fighting
  5556 | D:3      | Reached skill level 1 in Short Blades
  5556 | D:3      | Reached skill level 4 in Air Magic
  6222 | D:3      | Found a sparkling altar of Nemelex Xobeh.
  6266 | D:3      | Reached XP level 6. HP: 39/47 MP: 10/10
  6833 | D:4      | Your scales start taking on a glossy black colour.
  6833 | D:4      | Reached skill level 5 in Air Magic
  6833 | D:4      | Reached XP level 7. HP: 42/52 MP: 4/12
  6833 | D:4      | Gained mutation: You are resistant to electric shocks.
                  | (rElec) [Black Draconian growth]
  6892 | D:4      | Learned a level 2 spell: Static Discharge
  7360 | D:4      | Found a white marble altar of Elyvilon.
  7448 | D:4      | Found Odesoaz's Book Shoppe.
  7646 | D:5      | Entered Level 5 of the Dungeon
  7673 | D:5      | Found a glowing drain.
  7689 | Sewer    | Entered a sewer
  7931 | D:5      | Found a sand-covered staircase.
  7938 | Ossuary  | Entered an ossuary
  8001 | Ossuary  | Reached skill level 6 in Air Magic
  8134 | Ossuary  | Reached XP level 8. HP: 56/60 MP: 13/15
  8492 | Ossuary  | Identified the +1 chain mail "Qiusy" {rC+ Regen+}
  8820 | D:5      | Reached skill level 5 in Spellcasting
  9654 | D:5      | Found a hide-covered altar of Uskayaw.
 10961 | D:6      | Reached skill level 5 in Conjurations
 11061 | D:6      | Noticed Grinder
 11078 | D:6      | Killed Grinder
 11079 | D:6      | Reached skill level 7 in Air Magic
 11079 | D:6      | Reached XP level 9. HP: 69/69 MP: 9/17
 11877 | D:3      | Killed ZombieSheep's ghost
 12288 | D:7      | Noticed a gargoyle
 13143 | D:6      | Learned a level 1 spell: Foxfire
 13164 | D:6      | Killed from afar by a gargoyle

Illustrated notes

Levels and vault maps discovered:
D:1:      wheals_arrival_shading, layout_basic,
          hellmonk_ecumenical_altar_arch_garden
D:2:      layout_basic, minmay_fractal_squares_5
D:3:      layout_loops_ring, nemelex_diamond_rough_becter,
          ebering_ghost_reflecting_pool
D:4:      layout_cave_pools, kennysheep_mini_moat, serial_shops, shop
D:5:      layout_gridville, lemuel_round_altar, portal_sewer_entry_d,
          nicolae_ossuary_entry_plus
D:6:      wander_river, layout_cave_pods, chequers_big_river, uniq_grinder
D:7:      layout_cave_pools, mainiacjoe_overflow_cross_hatched,
          minmay_temple_entry_trees

Skill      XL: |  1  2  3  4  5  6  7  8  9 |
---------------+----------------------------+-----
Conjurations   | 2 3 4 5 |  5.4
Stealth        | 2 3 |  3.3
Dodging        | 2 3 4 |  4.2
Fighting       | 1 3 |  3.2
Short Blades   | 1 2 3 4 |  4.8
Spellcasting   | 3 4 5 6 |  6.0
Air Magic      | 4 5 6 7 |  7.3
Throwing       | |  0.3

Action                   |  1- 3 |  4- 6 |  7- 9 || total
-------------------------+-------+-------+-------++-------
Melee: Club              |    15 |       |       ||    15
       Tailslap          |     6 |    11 |    29 ||    46
       Dagger            |    51 |   128 |   268 ||   447
Throw: Stone             |       |     5 |       ||     5
       Dart              |       |     1 |       ||     1
 Cast: Shock             |    60 |    84 |    96 ||   240
       Static Discharge  |       |       |    26 ||    26
       Swiftness         |       |       |     1 ||     1
       Foxfire           |       |       |     9 ||     9
 Abil: Breathe Lightning |       |       |     8 ||     8
  Use: Potion            |     2 |     1 |     4 ||     7
       Scroll            |     2 |       |     8 ||    10
 Stab: Sleeping          |       |       |     2 ||     2
Armor: Skin              |    39 |    40 |    61 ||   140
Dodge: Dodged            |    72 |    70 |   169 ||   311
